 Dungeon Crawl Stone Soup version 0.20.1-1-g8b1a95d (webtiles) character file.

58 polve the Firebug (level 4, -2/24 HPs)
             Began as a Gargoyle Fire Elementalist on Aug 10, 2017.
             Slain by a gnoll
             ... wielding a +2 whip of venom
              (3 damage)
             ... on level 1 of the Dungeon.
             The game lasted 00:01:40 (1703 turns).

polve the Firebug (Gargoyle Fire Elementalist)      Turns: 1703, Time: 00:01:41

Health: -2/24      AC:  6    Str: 12    XL:     4   Next: 1%
Magic:  5/7        EV: 12    Int: 16    God:
Gold:   87         SH:  0    Dex: 10    Spells: 6/7 levels left

rFire    . . .     SeeInvis .   h - +0 short sword
rCold    . . .     Gourm    .   (no shield)
rNeg     + . .     Faith    .   a - +0 robe
rPois    ∞         Spirit   .   (no helmet)
rElec    +         Reflect  .   (no cloak)
rCorr    .         Harm     .   (no gloves)
MR       .....                  i - +0 pair of boots
Stlth    ++........             (no amulet)
Regen    0.1/turn               (no ring)
MPRegen  0.1/turn               (no ring)

@: no status effects
A: negative energy resistance 1, electricity resistance, unbreathing,
petrification resistance, rot immunity, AC +3
a: no special abilities


You were on level 1 of the Dungeon.
You were hungry.

You visited 1 branch of the dungeon, and saw 2 of its levels.

You collected 87 gold pieces.

Inventory:

Hand Weapons
 h - a +0 short sword (weapon)
Armour
 a - a +0 robe (worn)
 i - a +0 pair of boots (worn)
Scrolls
 d - 2 scrolls of enchant weapon {unknown}
 e - 2 scrolls of enchant armour {unknown}
 g - 2 scrolls of magic mapping {unknown}
 j - a scroll of remove curse {unknown}
 k - a scroll of teleportation {unknown}
 l - a scroll of amnesia {unknown}
 m - a scroll of identify {unknown}
Books
 b - a book of Flames

   Spells                             Type                      Level
   a - Flame Tongue                   Conjuration/Fire             1
   b - Throw Flame                    Conjuration/Fire             2
   c - Conjure Flame                  Conjuration/Fire             3
   d - Inner Flame                    Hexes/Fire                   3
   e - Sticky Flame                   Conjuration/Fire             4
   f - Fireball                       Conjuration/Fire             5
Comestibles
 c - a bread ration
 f - 4 chunks of flesh


   Skills:
 - Level 1.5 Dodging
 - Level 2.1 Stealth
 - Level 2.0 Spellcasting
 + Level 2.5 Conjurations
 + Level 4.1 Fire Magic


You had 6 spell levels left.
You knew the following spells:

 Your Spells              Type           Power        Failure   Level  Hunger
a - Flame Tongue          Conj/Fire      ##...        5%          1    #......


Dungeon Overview and Level Annotations

Branches:
Dungeon (2/15)

Altars:


Innate Abilities, Weirdness & Mutations

You are resistant to torment.
Your stone body is resilient. (AC +3)
You are immune to poison.
You resist negative energy. (rN+)
You are resistant to electric shocks. (rElec)
You can survive without breathing.
You are immune to petrification.
You are immune to rotting.


Message History

Confirm with . or Enter, or press ? or * to list all spells.
Aiming: Flame Tongue
Press: ? - help, Shift-Dir - straight line, f/p - jackal
Aim: a jackal (almost dead)
The flame tongue hits the jackal.
You kill the jackal!
You have reached level 4!
You feel stronger. The gnoll closely misses you.
A giant cockroach comes into view.
There is a stone staircase leading up here.
The gnoll hits you with a whip of venom.
* * * LOW HITPOINT WARNING * * *
The gnoll misses you. The giant cockroach misses you.
You climb upwards.
There is a stone staircase leading down here.
The giant cockroach closely misses you. The giant cockroach bites you.
* * * LOW HITPOINT WARNING * * *
The gnoll hits you with a whip of venom.
You die...

# #.# #.# #.#
##.## #.# ##...#
#.# #....# #.#
#....# #.#
#.####
#.######.#
#.)....#.#
######.....g@.#
##.........>s..#
#...♣♣♣........#
#..♣# #♣.......#
#..♣ ♣......##
## #..♣#
#♣.....## .#
#...♣♣♣..##...#
.#
#........####.#
.###.########
#.#


You could see a gnoll and a giant cockroach.

Vanquished Creatures
  An adder (D:1)
  An ooze (D:1)
  2 dart slugs (D:1)
  A leopard gecko (D:1)
  A giant cockroach (D:2)
  2 goblins (D:1)
  3 hobgoblins (D:1)
  3 jackals (D:2)
  7 kobolds
  14 bats
  A frilled lizard (D:1)
  2 rats (D:1)
38 creatures vanquished.

Notes
Turn   | Place    | Note
-------+----------+-------------------------------------------
     0 | D:1      | polve the Gargoyle Fire Elementalist began the quest for the Orb.
     0 | D:1      | Reached XP level 1. HP: 10/10 MP: 3/3
   175 | D:1      | Reached XP level 2. HP: 13/15 MP: 1/5
   500 | D:1      | Reached XP level 3. HP: 12/19 MP: 2/6
  1046 | D:1      | Reached skill level 4 in Fire Magic
  1688 | D:2      | Reached XP level 4. HP: 6/24 MP: 3/7
  1703 | D:1      | HP: 1/24 [giant cockroach (1)]
  1703 | D:1      | Slain by a gnoll

Skill      XL: |  1  2  3 |
---------------+----------+-----
Conjurations   | 2 |  2.5
Fire Magic     | 4 |  4.1
Dodging        | |  1.5
Stealth        | |  2.1
Spellcasting   | |  2.0

Action                   |  1- 3 |  4- 6 || total
-------------------------+-------+-------++-------
Melee: Unarmed           |    47 |       ||    47
       Short sword       |    17 |       ||    17
 Cast: Flame Tongue      |    58 |     1 ||    59
 Stab: Sleeping          |     1 |       ||     1
  Eat: Chunk             |     3 |       ||     3
Armor: Robe              |    49 |       ||    49
Dodge: Dodged            |   101 |     4 ||   105
